 Dungeon Crawl Stone Soup version 0.30.0-10-gfe55d96785 (webtiles) character file.

Game seed: 14262547176853025947

25 qw the Chopper (level 3, 0/23 HPs)
             Began as a Gargoyle Cinder Acolyte on May 16, 2023.
             Was a High Priest of Ignis.
             Slain by Sigmund
             ... wielding a +0 scythe
              (6 damage)
             ... on level 2 of the Dungeon.
             The game lasted 00:00:32 (1110 turns).

qw the Chopper (Gargoyle Cinder Acolyte)            Turns: 1110, Time: 00:00:33

Health: 0/23       AC: 16    Str: 19    XL:     3   Next: 6%
Magic:  4/4        EV: 10    Int: 17    God:    Ignis [*****.]
Gold:   79         SH:  0    Dex: 11    Spells: 4/4 levels left

rFire   + . .        a - +5 broad axe of Xyigenuxt {pain, Int+3}
rCold   . . .        (no shield)
rNeg    + . .        h - +0 ring mail
rPois   inf          (no helmet)
rElec   +            (no cloak)
rCorr   .            j - +0 pair of gloves
SInv    .            (no boots)
Will    .....        (no amulet)
Stlth   +            f - +6 ring of dexterity
HPRegen 0.23/turn    (no ring)
MPRegen 0.09/turn

%: no passive effects
@: fiery-armoured
A: sickness immunity, AC +3, negative energy resistance 1, electricity
resistance, torment resistance 1, petrification resistance
a: Renounce Religion, Fiery Armour, Foxfire Swarm, Rising Flame


You were on level 2 of the Dungeon.
You worshipped Ignis.
Ignis was extremely pleased with you.
You visited 1 branch of the dungeon, and saw 2 of its levels.

You collected 79 gold pieces.


Innate Abilities, Weirdness & Mutations

You are immune to sickness and miasma.
Your stone body is resilient. (AC +3)
You are immune to poison.
You resist negative energy. (rN+)
You are resistant to electric shocks. (rElec)
You are resistant to unholy torment.
You are immune to petrification.


   Skills:
 - Level 3.2 Fighting
 - Level 3.6 Axes
 + Level 0.7 Armour
 - Level 1.0 Spellcasting
 - Level 3.0 Fire Magic


You had 4 spell levels left.
You didn't know any spells.
Your spell library contained the following spells:

 Spells                   Type           Power      Damage    Failure   Level
 Scorch                   Fire           22%        2d6       16%         2

Inventory:

Hand Weapons
 a - the +5 broad axe of Xyigenuxt (weapon) {pain, Int+3}
   (You acquired it on level 1 of the Dungeon)

   Int:       It affects your intelligence (+3).
 i - a -1 hand axe of flaming
Armour
 h - a +0 ring mail (worn)
 j - a +0 pair of gloves (worn)
Jewellery
 f - a +6 ring of dexterity (left hand)
Scrolls
 b - a scroll of blinking {unknown}
 d - 2 scrolls of identify {unknown}
Potions
 c - a potion of haste {unknown}
 e - a potion of mutation {unknown}
 k - a potion of attraction {unknown}
 m - 3 potions of heal wounds {unknown}

Dungeon Overview and Level Annotations

Branches:
Dungeon (2/15)

Altars:

Shops:
D:1 [

Annotations:
D:2 Sigmund


Message History

Sigmund mumbles some strange words.
Sigmund flickers and vanishes!
Deactivating autopickup; reactivate with Ctrl-A.
You slash something!
A giant cockroach comes into view.
Something hits you but does no damage.
The giant cockroach moves out of view.
You miss something. Something hits you.
You hit something. Something hits you.
1099 ||| Stepping ~*~*~tactically~*~*~ (stealth).
Something hits you but does no damage.
Found 6 stones.
You hear some strange, mumbled words.
Something tries to affect you, but you resist.
You swing at nothing.
Something hits you but does no damage.
You swing at nothing.
Something hits you! The giant cockroach barely misses you.
1102 ||| INVOKING Fiery Armour.
A protective cloak of flame settles atop you.
The giant cockroach barely misses you. Something hits you but does no damage.
You slash the giant cockroach!
You kill the giant cockroach!
Something hits you.
You swing at nothing.
A bat comes into view.
Something hits you but does no damage.
1105 ||| Stepping ~*~*~tactically~*~*~ (stealth).
You swing at nothing.
You swing at nothing.
Something hits you but does no damage.
You swing at nothing.
You hear some strange, mumbled words.
Something tries to affect you, but you resist.
Something hits you but does no damage.
You swing at nothing.
Something hits you but does no damage.
You swing at nothing.
Something hits you.
You die...

### ###### ..### #.....
#.#.. #.....
#.#B#########.....
#@#.#.......#.....
##.#.#.#.#.#####.#.....
.b.....{..............%.
(.#.#.#.#.....#.#.#.....
#.#.#.........#..... #
#.#.###.#.###..... #.#.#
#.#.# ###### #.#.# ..#.#
#.#.#.###.#


There were no monsters in sight!

Vanquished Creatures
  A dart slug (D:1)
  3 endoplasms
  5 giant cockroaches
  2 goblins (D:1)
  A quokka (D:1)
  2 bats (D:1)
  3 frilled lizards
  3 kobolds (D:1)
  3 rats (D:1)
23 creatures vanquished.

Notes
Turn   | Place    | Note
-------+----------+-------------------------------------------
     0 | D:1      | qw the Gargoyle Cinder Acolyte began the quest for the Orb.
     0 | D:1      | Reached XP level 1. HP: 14/14 MP: 2/2
     0 | D:1      | 0 ||| qw: Version: 0.2-a-94-gb5d2a68
     0 | D:1      | 0 ||| qw: Game counter: 67
     0 | D:1      | 0 ||| qw: Always use a shield: true
     0 | D:1      | 0 ||| qw: God list: Okawaru
     0 | D:1      | 0 ||| qw: Allow faded altars: false
     0 | D:1      | 0 ||| qw: Do Orc after D:15 true
     0 | D:1      | 0 ||| qw: Do second Lair branch before Depths: true
     0 | D:1      | 0 ||| qw: Lair rune preference: random
     0 | D:1      | 0 ||| qw: Plans: Normal
     0 | D:1      | 0 ||| PLANNING D:1-11
   111 | D:1      | Reached skill level 3 in Axes
   174 | D:1      | 174 ||| Stepping ~*~*~tactically~*~*~ (hiding).
   183 | D:1      | Reached XP level 2. HP: 19/19 MP: 3/3
   333 | D:1      | Found Tiydaemo's Antique Armour Boutique.
   357 | D:1      | 357 ||| SHOPLISTING chain mail (90 gold, have 36).
   357 | D:1      | 357 ||| SHOPLISTING embroidered robe (74 gold, have 36).
   357 | D:1      | 357 ||| SHOPLISTING glowing scale mail (140 gold, have 36).
   357 | D:1      | 357 ||| SHOPLISTING plate armour (460 gold, have 36).
   357 | D:1      | 357 ||| SHOPLISTING shiny orb (240 gold, have 36).
   566 | D:1      | 566 ||| Stepping ~*~*~tactically~*~*~ (stealth).
   591 | D:1      | 591 ||| Stepping ~*~*~tactically~*~*~ (water).
   852 | D:1      | 852 ||| UPGRADING to +0 ring mail.
   862 | D:1      | 862 ||| DROPPING +0 robe.
   863 | D:1      | 863 ||| UPGRADING to +0 pair of gloves.
   868 | D:1      | 868 ||| DROPPING ring of magical power.
   869 | D:1      | 869 ||| UPGRADING to +6 ring of dexterity.
   870 | D:1      | 870 ||| READING scroll labelled DUVINA XAMIAPS.
   971 | D:1      | 971 ||| READING scroll labelled ISOOFI KAGYIHU.
   971 | D:1      | Identified a scroll of acquirement
   971 | D:1      | 971 ||| ACQUIRING +5 broad axe of Xyigenuxt {pain, Int+3}
   971 | D:1      | Acquired the +5 broad axe of Xyigenuxt {pain, Int+3}
   973 | D:1      | 973 ||| SWAPPING to +5 broad axe of Xyigenuxt {pain,
                  | Int+3}.
   974 | D:1      | 974 ||| READING scroll labelled RAM POTUIM.
   975 | D:1      | 975 ||| READING scroll labelled XOWULECHEU.
  1065 | D:2      | Reached XP level 3. HP: 23/23 MP: 4/4
  1091 | D:2      | Noticed Sigmund
  1092 | D:2      | 1092 ||| Stepping ~*~*~tactically~*~*~ (hiding).
  1099 | D:2      | 1099 ||| Stepping ~*~*~tactically~*~*~ (stealth).
  1102 | D:2      | 1102 ||| INVOKING Fiery Armour.
  1103 | D:2      | HP: 4/23 [something (6)]
  1105 | D:2      | 1105 ||| Stepping ~*~*~tactically~*~*~ (stealth).
  1110 | D:2      | Slain by Sigmund

Levels and vault maps discovered:
D:1:      sevenhm_arrival_forest_fort_large_2, layout_rooms, serial_shops, shop,
          serial_bayou, serial_bayou_shore_a, serial_bayou_shore_b,
          serial_bayou_lagoon_a, serial_bayou_ford_a, serial_bayou_pond_c,
          serial_bayou_pond_d, kennysheep_flooded_box
D:2:      layout_basic, kennysheep_nub, uniq_crazy_yiuf_cottage, uniq_sigmund,
          uniq_jessica

Skill      XL: |  1 |
---------------+----+-----
Axes           | 3 |  3.6
Fighting       | |  3.2
Armour         | |  0.7
Spellcasting   | |  1.0
Fire Magic     | |  3.0

Action                     || total
---------------------------++-------
  Melee: Hand axe          ||    40
         Punch             ||     1
         Broad axe         ||    13
 Invoke: Fiery Armour      ||     1
    Use: Scroll            ||     4
 Armour: Robe              ||     6
         Ring mail         ||    12
  Dodge: Dodged            ||    30

Table legend:
 A = Non-vault XP
 B = Vault XP
 C = Vault XP percentage of total XP
 D = Non-vault monster count
 E = Vault monster count
 F = Vault count percentage of total count
                 A         B        C        D         E       F
            +---------+---------+-------+---------+---------+-------
      Total |      37 |       0 |   0.0 |      23 |       0 |   0.0
            +---------+---------+-------+---------+---------+-------
        D:1 |      31 |       0 |   0.0 |      19 |       0 |   0.0
        D:2 |       6 |       0 |   0.0 |       4 |       0 |   0.0
            +---------+---------+-------+---------+---------+-------
